National vs Knights
Created - 17 février 2015 at 19:25
Goals
|
National |
1 |
1 |
3 |
5 |
Knights |
2 |
2 |
2 |
6 |
|
Shots
|
National |
14 |
9 |
10 |
33 |
Knights |
18 |
14 |
3 |
35 |
|
1st period
1. Knights , James Wright 26 (Michael Raffl, Nikita Nikitin) at 2:42
2. Knights , Jani Rita 6 (Chris Thorburn, Nikita Nikitin) at 17:11
3. National , Matt Duchene 7 (William Colbert, Igor Makarov) at 19:38
Penalties :
Ivan Vishnevski (Que) for Roughing (Minor) at 9:47
2nd period
4. National , Johannes Salmonsson 13 (William Colbert, Pat Dwyer) at 2:18
5. Knights , Danny Irmen 8 (Kyle Greentree) at 4:04
6. Knights , Colton Gillies 7 (Joe Colborne, Eric Gelinas) at 16:29
Penalties :
William Colbert (Que) for Goalie Interference (Minor) at 6:42, Chris Thorburn (Lon) for Tripping (Minor) at 7:26, Jeffrey Foss (Que) for Tripping (Minor) at 12:00
3rd period
7. National , Rico Fata 33 (Matt Duchene) at 0:29 (PP)
8. Knights , Jani Rita 7 (Zack Hamill, Nikita Nikitin) at 0:42
9. Knights , Scott Lehman 1 (Nikita Nikitin) at 4:36 (PP)
10. National , Pat Dwyer 12 (Dustin Kohn, Jonathan Matsumoto) at 5:27
11. National , Matt Duchene 8 (Dustin Kohn, Rico Fata) at 14:05 (PP)
Penalties :
Kyle Greentree (Lon) for Hooking (Minor) at 0:27, Chris Thorburn (Lon) for Holding (Minor) at 0:59, Igor Makarov (Que) for Interference (Minor) at 4:25, Jimmy Hayes (Lon) for Slashing (Minor) at 13:57, Erik Gustafsson (Que) for Interference (Minor) at 19:25
Goalie Stats
Tyler Plante (Que), 29 saves from 35 shots - (0,829), L, 9-10-0, 60:00 minutes
Dany Sabourin (Lon), 28 saves from 33 shots - (0,848), W, 17-8-1, 60:00 minutes
Players Stats for National
Player Name G A P +/- PIM S H SB GA TA FO MP PP MP PK MP
------------------------------------------------------------------------------------
Alexander Fallstrom 0 0 0 0 0 0 1 0 0 0 0/0 6:00 0:00 0:00
Chris Mueller 0 0 0 0 0 2 2 0 0 0 9/10 13:13 0:00 0:00
David Desharnais 0 0 0 0 0 3 1 0 1 0 1/3 9:47 1:14 1:36
Denis Bodrov 0 0 0 -3 0 0 2 0 0 0 0/0 19:25 1:03 2:25
Dustin Kohn 0 2 2 1 0 4 2 3 0 2 0/0 29:37 1:50 3:26
Erik Gustafsson 0 0 0 0 2 1 0 2 0 1 0/0 11:21 0:00 0:00
Igor Makarov 0 1 1 -3 2 2 1 1 1 0 1/1 20:20 1:46 0:00
Ivan Vishnevski 0 0 0 0 2 0 2 0 0 0 0/0 13:03 0:00 0:47
Jeffrey Foss 0 0 0 -3 2 0 0 3 0 0 0/0 19:16 1:03 1:26
Johannes Salmonsson 1 0 1 1 0 3 1 0 1 0 0/0 11:52 0:00 0:00
Jonathan Matsumoto 0 1 1 1 0 0 0 0 1 0 6/12 12:06 0:14 0:00
Magnus Paajarvi-Svensson 0 0 0 0 0 0 0 0 0 0 0/0 6:38 0:00 0:38
Matt Duchene 2 1 3 -3 0 6 2 0 1 0 24/41 24:27 1:25 3:41
Pasi Salonen 0 0 0 0 0 1 3 0 2 2 1/1 18:02 1:01 2:55
Pat Dwyer 1 1 2 1 0 4 0 0 0 1 1/1 13:18 0:06 0:46
Rico Fata 1 1 2 -3 0 3 1 4 0 1 1/1 20:21 1:46 0:00
Sergei Andronov 0 0 0 0 0 1 1 0 0 0 0/0 16:37 1:01 1:18
William Colbert 0 2 2 1 2 3 0 3 1 0 0/0 27:50 1:56 2:50
Players Stats for Knights
Player Name G A P +/- PIM S H SB GA TA FO MP PP MP PK MP
------------------------------------------------------------------------------------
A.J. Jenks 0 0 0 0 0 0 0 0 0 0 0/0 0:00 0:00 0:00
Aaron Palushaj 0 0 0 0 0 0 1 1 0 0 1/2 12:08 0:20 0:00
Andreas Thuresson 0 0 0 1 0 0 1 0 0 1 0/0 7:31 0:00 0:00
Chris Thorburn 0 1 1 1 4 2 0 1 0 0 0/2 20:57 3:13 0:10
Cody Almond 0 0 0 0 0 0 0 0 0 0 0/0 0:00 0:00 0:00
Colton Gillies 1 0 1 1 0 2 0 0 0 0 0/1 7:31 0:00 0:00
Danny Irmen 1 0 1 0 0 1 1 0 1 0 1/10 16:01 1:51 0:24
David Shields 0 0 0 0 0 0 0 0 0 0 0/0 6:29 0:00 0:00
Eric Gelinas 0 1 1 0 0 1 1 3 0 1 0/0 18:02 1:55 1:16
James Wright 1 0 1 0 0 5 4 0 0 0 5/7 12:54 0:22 0:00
Jani Rita 2 0 2 1 0 7 0 1 2 0 1/1 23:07 3:16 1:16
Jimmy Hayes 0 0 0 0 2 2 2 0 0 0 0/0 15:12 1:51 0:00
Joe Colborne 0 1 1 1 0 2 0 0 1 0 2/6 8:53 0:00 0:58
Justin Jokinen 0 0 0 0 0 0 0 0 0 0 0/0 0:00 0:00 0:00
Kyle Greentree 0 1 1 0 2 1 0 0 1 1 0/0 15:36 1:51 0:24
Michael Raffl 0 1 1 0 0 4 0 1 1 1 2/4 14:02 0:22 1:13
Michael Stone 0 0 0 1 0 1 1 0 0 1 0/0 9:38 0:00 0:00
Nikita Nikitin 0 4 4 1 0 1 0 0 0 1 0/0 25:51 3:32 1:37
Patrick Wiercioch 0 0 0 1 0 0 0 1 0 0 0/0 9:38 0:00 0:00
Philip Varone 0 0 0 0 0 0 0 0 0 0 0/0 1:31 0:00 1:21
Ryan Button 0 0 0 0 0 0 0 0 0 1 0/0 6:29 0:00 0:00
Scott Lehman 1 0 1 1 0 3 2 1 1 0 0/0 25:51 3:32 1:37
Tomas Kundratek 0 0 0 0 0 1 0 2 0 1 0/0 18:02 1:55 1:16
Zack Hamill 0 1 1 1 0 2 3 1 0 0 14/37 20:25 3:14 0:00
3 Stars
1 - Jani Rita (Lon)
2 - Nikita Nikitin (Lon)
3 - Matt Duchene (Que)
Power Play
National - 2 on 4 Attempt(s) - 50,00%
Knights - 1 on 5 Attempt(s) - 20,00%
Penalty Kill
National - 4 on 5 Attempt(s) - 80,00%
- Score 0 goal in Penalty Kill
Knights - 2 on 4 Attempt(s) - 50,00%
- Score 0 goal in Penalty Kill
Team Stat
National - Hits : 19 - Faceoff Wins : 44 - Blocked Shots : 16 - Penalty Minutes : 10
Knights - Hits : 16 - Faceoff Wins : 26 - Blocked Shots : 12 - Penalty Minutes : 8
Official
Referees : Morton Dean and Sutherland Kelly
Linesman : Lyle Seitz and Andy McElman
Game Notes
No Game Note
Finance
Level 1 -- Attendance: 1504 (75,20%) -- Ticket Income 52 640 $
Level 2 -- Attendance: 787 (78,70%) -- Ticket Income 15 740 $
Total Attendance: 2291 (76,37%)
Total Ticket Income: 68 380 $
Other Income: 3 419 $
Total Income: 71 799 $
National
5 vs 5 Forward
Center Left Wing Right Wing Time % Phy DF OF
1 Matt Duchene Rico Fata Igor Makarov 40 0 2 3
2 Chris Mueller Pasi Salonen Sergei Andronov 30 0 2 3
3 Jonathan Matsumoto Johannes Salmonsson Pat Dwyer 20 1 3 1
4 David Desharnais Magnus Paajarvi-Svensson Alexander Fallstrom 10 0 2 3
5 vs 5 Defense
Defense Defense Time % Phy DF OF
1 William Colbert Dustin Kohn 40 1 2 2
2 Denis Bodrov Jeffrey Foss 30 1 2 2
3 Ivan Vishnevski Erik Gustafsson 20 1 2 2
4 William Colbert Dustin Kohn 10 1 2 2
PowerPlay Forward
Center Left Wing Right Wing Time % Phy DF OF
1 Matt Duchene Rico Fata Igor Makarov 60 0 1 4
2 David Desharnais Pasi Salonen Sergei Andronov 40 0 1 4
PowerPlay Defense
Defense Defense Time % Phy DF OF
1 William Colbert Dustin Kohn 60 0 2 3
2 Denis Bodrov Jeffrey Foss 40 0 2 3
Penalty Kill 4 Players Forward
Center Wing Time % Phy DF OF
1 Matt Duchene Pasi Salonen 60 0 4 1
2 David Desharnais Sergei Andronov 40 0 4 1
Penalty Kill 4 Players Defense
Defense Defense Time % Phy DF OF
1 William Colbert Dustin Kohn 60 0 4 1
2 Denis Bodrov Jeffrey Foss 40 0 4 1
Penalty Kill - 3 Players Forward
Forward Time % Phy DF OF
1 Matt Duchene 60 0 4 1
2 David Desharnais 40 0 4 1
Penalty Kill - 3 Players Defense
Defense Defense Time % Phy DF OF
1 William Colbert Dustin Kohn 60 0 4 1
2 Denis Bodrov Jeffrey Foss 40 0 4 1
4 vs 4 Forward
Center Wing Time % Phy DF OF
1 Matt Duchene Pasi Salonen 60 0 2 3
2 David Desharnais Sergei Andronov 40 0 2 3
4 vs 4 Defense
Defense Defense Time % Phy DF OF
1 William Colbert Dustin Kohn 60 1 2 2
2 Denis Bodrov Jeffrey Foss 40 1 2 2
Last Minutes Offensive
Center Left Wing Right Wing Defense Defense
Matt Duchene Rico Fata Igor Makarov William Colbert Dustin Kohn
Last Minutes Defensive
Center Left Wing Right Wing Defense Defense
Matt Duchene Rico Fata Igor Makarov William Colbert Dustin Kohn
Goaltenders
Starting : Tyler Plante
Backup : Keith Kinkaid
Extra Forwards
Normal : David Desharnais, Matt Duchene, Pat Dwyer - PP : David Desharnais, Matt Duchene - PK : Pat Dwyer
Extra Defensemen
Normal : Jeffrey Foss, William Colbert, Dustin Kohn - PP : Jeffrey Foss - PK : William Colbert, Dustin Kohn
Penalty Shots
Matt Duchene, Pasi Salonen, David Desharnais, Jonathan Matsumoto, Jeffrey Foss
Knights
5 vs 5 Forward
Center Left Wing Right Wing Time % Phy DF OF
1 Zack Hamill Jani Rita Chris Thorburn 40 1 2 2
2 Danny Irmen Kyle Greentree Jimmy Hayes 30 1 2 2
3 James Wright Michael Raffl Aaron Palushaj 20 1 2 2
4 Joe Colborne Colton Gillies Andreas Thuresson 10 1 2 2
5 vs 5 Defense
Defense Defense Time % Phy DF OF
1 Nikita Nikitin Scott Lehman 40 1 2 2
2 Eric Gelinas Tomas Kundratek 30 1 2 2
3 Michael Stone Patrick Wiercioch 20 1 2 2
4 David Shields Ryan Button 10 1 2 2
PowerPlay Forward
Center Left Wing Right Wing Time % Phy DF OF
1 Zack Hamill Jani Rita Chris Thorburn 60 1 2 2
2 Danny Irmen Kyle Greentree Jimmy Hayes 40 1 2 2
PowerPlay Defense
Defense Defense Time % Phy DF OF
1 Nikita Nikitin Scott Lehman 60 1 2 2
2 Eric Gelinas Tomas Kundratek 40 1 2 2
Penalty Kill 4 Players Forward
Center Wing Time % Phy DF OF
1 Chris Thorburn Jani Rita 60 1 2 2
2 Kyle Greentree Zack Hamill 40 1 2 2
Penalty Kill 4 Players Defense
Defense Defense Time % Phy DF OF
1 Nikita Nikitin Scott Lehman 60 1 2 2
2 Eric Gelinas Tomas Kundratek 40 1 2 2
Penalty Kill - 3 Players Forward
Forward Time % Phy DF OF
1 Chris Thorburn 60 1 2 2
2 Jani Rita 40 1 2 2
Penalty Kill - 3 Players Defense
Defense Defense Time % Phy DF OF
1 Nikita Nikitin Scott Lehman 60 1 2 2
2 Eric Gelinas Tomas Kundratek 40 1 2 2
4 vs 4 Forward
Center Wing Time % Phy DF OF
1 Chris Thorburn Jani Rita 60 1 2 2
2 Kyle Greentree Zack Hamill 40 1 2 2
4 vs 4 Defense
Defense Defense Time % Phy DF OF
1 Nikita Nikitin Scott Lehman 60 1 2 2
2 Eric Gelinas Tomas Kundratek 40 1 2 2
Last Minutes Offensive
Center Left Wing Right Wing Defense Defense
Zack Hamill Jani Rita Chris Thorburn Nikita Nikitin Scott Lehman
Last Minutes Defensive
Center Left Wing Right Wing Defense Defense
Zack Hamill Jani Rita Chris Thorburn Nikita Nikitin Scott Lehman
Goaltenders
Starting : Dany Sabourin
Backup : Jacob Markstrom
Extra Forwards
Normal : Michael Raffl, James Wright, Joe Colborne - PP : Michael Raffl, James Wright - PK : Joe Colborne
Extra Defensemen
Normal : Michael Stone, Patrick Wiercioch, David Shields - PP : Michael Stone - PK : Patrick Wiercioch, David Shields
Penalty Shots
Chris Thorburn, Jani Rita, Kyle Greentree, Zack Hamill, Danny Irmen
% Time on Ice - National
Lines # - Real PCT - Wanted PCT - Time Play
Normal Forward
1 - 36% - 40% - 18:05
2 - 28% - 30% - 13:58
3 - 24% - 20% - 11:52
4 - 12% - 10% - 6:00
Normal Defense
1 - 40% - 40% - 20:07
2 - 33% - 30% - 16:37
3 - 22% - 20% - 10:52
4 - 5% - 10% - 2:19
PP Forward
1 - 65% - 60% - 1:52
2 - 35% - 40% - 1:01
PP Defense
1 - 64% - 60% - 1:50
2 - 36% - 40% - 1:03
PK Forward
1 - 76% - 60% - 4:09
2 - 24% - 40% - 1:18
PK Defense
1 - 49% - 60% - 2:40
2 - 51% - 40% - 2:47
PK3 Forward
1 - 0% - 60%
2 - 0% - 40%
PK3 Defense
1 - 0% - 60%
2 - 0% - 40%
44 Forward
1 - 73% - 60% - 0:55
2 - 27% - 40% - 0:20
44 Defense
1 - 61% - 60% - 0:46
2 - 39% - 40% - 0:29
Last Minute Offensive - 0:30
Last Minute Defensive - 0:00
Total
Forward - 60:00
Defense - 60:00
|
% Time on Ice - Knights
Lines # - Real PCT - Wanted PCT - Time Play
Normal Forward
1 - 35% - 40% - 17:44
2 - 27% - 30% - 13:22
3 - 23% - 20% - 11:48
4 - 15% - 10% - 7:31
Normal Defense
1 - 40% - 40% - 20:07
2 - 28% - 30% - 14:11
3 - 19% - 20% - 9:38
4 - 13% - 10% - 6:29
PP Forward
1 - 66% - 60% - 3:36
2 - 34% - 40% - 1:51
PP Defense
1 - 65% - 60% - 3:32
2 - 35% - 40% - 1:55
PK Forward
1 - 100% - 60% - 2:53
2 - 0% - 40% - 0:00
PK Defense
1 - 56% - 60% - 1:37
2 - 44% - 40% - 1:16
PK3 Forward
1 - 0% - 60%
2 - 0% - 40%
PK3 Defense
1 - 0% - 60%
2 - 0% - 40%
44 Forward
1 - 100% - 60% - 1:15
2 - 0% - 40% - 0:00
44 Defense
1 - 47% - 60% - 0:35
2 - 53% - 40% - 0:40
Last Minute Offensive - 0:00
Last Minute Defensive - 0:00
Total
Forward - 60:00
Defense - 60:00
|
Play by Play
1st period
0:01 of 1st period - Matt Duchene wins face-off versus Zack Hamill in neutral zone.
0:04 of 1st period - Snap shot by Rico Fata.
0:04 of 1st period - Stopped by Dany Sabourin with a rebound.
0:30 of 1st period - Off-side.
0:31 of 1st period - Chris Mueller wins face-off versus Aaron Palushaj in neutral zone.
0:40 of 1st period - Snap shot by James Wright.
0:40 of 1st period - Shot Misses the Net.
0:42 of 1st period - Snap shot by James Wright.
0:42 of 1st period - Stopped by Tyler Plante without a rebound.
0:43 of 1st period - Jonathan Matsumoto wins face-off versus Colton Gillies in National zone.
0:55 of 1st period - Wrist shot by Pat Dwyer.
0:55 of 1st period - Stopped by Dany Sabourin with a rebound.
0:57 of 1st period - Wrist shot by Pat Dwyer.
0:57 of 1st period - Shot Misses the Net.
0:59 of 1st period - Wrist shot by Pat Dwyer.
0:59 of 1st period - Stopped by Dany Sabourin with a rebound.
1:31 of 1st period - Slapshot by Pasi Salonen.
1:31 of 1st period - Shot Misses the Net.
1:40 of 1st period - Off-side.
1:41 of 1st period - James Wright wins face-off versus Matt Duchene in neutral zone.
1:50 of 1st period - Wrist shot by Michael Raffl.
1:50 of 1st period - Stopped by Tyler Plante without a rebound.
1:51 of 1st period - Matt Duchene wins face-off versus James Wright in National zone.
2:04 of 1st period - Icing by Scott Lehman.
2:05 of 1st period - James Wright wins face-off versus Jonathan Matsumoto in Knights zone.
2:40 of 1st period - Wrist shot by Michael Raffl.
2:40 of 1st period - Shot Blocked by William Colbert.
2:42 of 1st period - Wrist shot by James Wright.
2:42 of 1st period - Goal by James Wright - National : 0 - Knights : 1.
2:43 of 1st period - Pasi Salonen wins face-off versus Zack Hamill in neutral zone.
2:52 of 1st period - Snap shot by Pasi Salonen.
2:52 of 1st period - Shot Misses the Net.
2:54 of 1st period - Snap shot by Pasi Salonen.
2:54 of 1st period - Deflect By Chris Mueller.
2:54 of 1st period - Stopped by Dany Sabourin without a rebound.
2:55 of 1st period - Zack Hamill wins face-off versus Matt Duchene in Knights zone.
3:02 of 1st period - Snap shot by Jani Rita.
3:02 of 1st period - Stopped by Tyler Plante without a rebound.
3:03 of 1st period - Matt Duchene wins face-off versus Zack Hamill in National zone.
3:31 of 1st period - Snap shot by Chris Thorburn.
3:31 of 1st period - Shot Blocked by Jeffrey Foss.
4:00 of 1st period - Slapshot by Tomas Kundratek.
4:00 of 1st period - Stopped by Tyler Plante with a rebound.
4:06 of 1st period - Wrist shot by Chris Thorburn.
4:06 of 1st period - Shot Blocked by Rico Fata.
4:08 of 1st period - Snap shot by Eric Gelinas.
4:08 of 1st period - Deflect By Jani Rita.
4:08 of 1st period - Deflect By Denis Bodrov.
4:08 of 1st period - Stopped by Tyler Plante with a rebound.
4:14 of 1st period - Snap shot by Chris Thorburn.
4:14 of 1st period - Shot Misses the Net.
4:16 of 1st period - Slapshot by Tomas Kundratek.
4:16 of 1st period - Deflect By Jani Rita.
4:16 of 1st period - Stopped by Tyler Plante with a rebound.
4:18 of 1st period - Slapshot by Eric Gelinas.
4:18 of 1st period - Stopped by Tyler Plante without a rebound.
4:19 of 1st period - Chris Mueller wins face-off versus Danny Irmen in National zone.
4:58 of 1st period - Slapshot by Kyle Greentree.
4:58 of 1st period - Shot Misses the Net.
5:28 of 1st period - David Shields is hit by Chris Mueller and loses puck.
5:39 of 1st period - Slapshot by Chris Mueller.
5:39 of 1st period - Stopped by Dany Sabourin with a rebound.
5:47 of 1st period - Jimmy Hayes is hit by Dustin Kohn and loses puck.
7:18 of 1st period - Snap shot by Kyle Greentree.
7:18 of 1st period - Shot Blocked by Dustin Kohn.
7:20 of 1st period - Slapshot by Ryan Button.
7:20 of 1st period - Deflect By Danny Irmen.
7:20 of 1st period - Shot Misses the Net.
7:20 of 1st period - Puck is out of play.
7:21 of 1st period - Jonathan Matsumoto wins face-off versus Zack Hamill in National zone.
7:37 of 1st period - Wrist shot by Johannes Salmonsson.
7:37 of 1st period - Stopped by Dany Sabourin with a rebound.
7:57 of 1st period - Slapshot by Nikita Nikitin.
7:57 of 1st period - Deflect By Colton Gillies.
7:57 of 1st period - Shot Blocked by Rico Fata.
7:57 of 1st period - Puck is out of play.
7:58 of 1st period - Aaron Palushaj wins face-off versus David Desharnais in National zone.
8:01 of 1st period - Snap shot by Michael Raffl.
8:01 of 1st period - Shot Blocked by Jeffrey Foss.
8:46 of 1st period - Jeffrey Foss is hit by James Wright and loses puck.
8:53 of 1st period - Wrist shot by Michael Raffl.
8:53 of 1st period - Shot Misses the Net.
8:57 of 1st period - Snap shot by James Wright.
8:57 of 1st period - Shot Misses the Net.
8:59 of 1st period - Slapshot by Nikita Nikitin.
8:59 of 1st period - Shot Misses the Net.
9:01 of 1st period - Slapshot by James Wright.
9:01 of 1st period - Stopped by Tyler Plante with a rebound.
9:03 of 1st period - Snap shot by Michael Raffl.
9:03 of 1st period - Shot Misses the Net.
9:10 of 1st period - Slapshot by James Wright.
9:10 of 1st period - Shot Blocked by Rico Fata.
9:12 of 1st period - Snap shot by Michael Raffl.
9:12 of 1st period - Shot Misses the Net.
9:14 of 1st period - Wrist shot by James Wright.
9:14 of 1st period - Stopped by Tyler Plante without a rebound.
9:15 of 1st period - Zack Hamill wins face-off versus Jonathan Matsumoto in National zone.
9:40 of 1st period - Michael Stone is hit by David Desharnais.
9:47 of 1st period - Minor Penalty to Ivan Vishnevski for Roughing.
9:48 of 1st period - Zack Hamill wins face-off versus Matt Duchene in National zone.
10:31 of 1st period - Snap shot by David Desharnais.
10:31 of 1st period - Stopped by Dany Sabourin without a rebound.
10:32 of 1st period - David Desharnais wins face-off versus Michael Raffl in Knights zone.
11:47 of 1st period - Penalty to Ivan Vishnevski is over, Ivan Vishnevski is back on ice.
11:58 of 1st period - Snap shot by Pat Dwyer.
11:58 of 1st period - Deflect By Sergei Andronov.
11:58 of 1st period - Stopped by Dany Sabourin without a rebound.
11:59 of 1st period - Joe Colborne wins face-off versus Jonathan Matsumoto in Knights zone.
12:06 of 1st period - Erik Gustafsson is hit by Andreas Thuresson and loses puck.
12:25 of 1st period - Wrist shot by Pat Dwyer.
12:25 of 1st period - Deflect By David Desharnais.
12:25 of 1st period - Stopped by Dany Sabourin without a rebound.
12:26 of 1st period - James Wright wins face-off versus David Desharnais in Knights zone.
12:33 of 1st period - Wrist shot by Michael Raffl.
12:33 of 1st period - Stopped by Tyler Plante without a rebound.
12:34 of 1st period - Matt Duchene wins face-off versus Zack Hamill in National zone.
12:49 of 1st period - Snap shot by Zack Hamill.
12:49 of 1st period - Stopped by Tyler Plante without a rebound.
12:50 of 1st period - Danny Irmen wins face-off versus Jonathan Matsumoto in National zone.
12:57 of 1st period - Wrist shot by Kyle Greentree.
12:57 of 1st period - Deflect By Jimmy Hayes.
12:57 of 1st period - Stopped by Tyler Plante without a rebound.
12:58 of 1st period - Jonathan Matsumoto wins face-off versus Danny Irmen in National zone.
12:58 of 1st period - Jonathan Matsumoto is hit by Scott Lehman.
13:20 of 1st period - Backhand shot by Dustin Kohn.
13:20 of 1st period - Deflect By Pat Dwyer.
13:20 of 1st period - Shot Misses the Net.
13:20 of 1st period - Puck is out of play.
13:21 of 1st period - Matt Duchene wins face-off versus Zack Hamill in Knights zone.
13:26 of 1st period - Wrist shot by Rico Fata.
13:26 of 1st period - Shot Misses the Net.
14:10 of 1st period - Slapshot by Pat Dwyer.
14:10 of 1st period - Shot Blocked by Eric Gelinas.
14:12 of 1st period - Slapshot by Dustin Kohn.
14:12 of 1st period - Shot Blocked by Eric Gelinas.
14:14 of 1st period - Snap shot by Jonathan Matsumoto.
14:14 of 1st period - Shot Blocked by Tomas Kundratek.
14:16 of 1st period - Snap shot by Johannes Salmonsson.
14:16 of 1st period - Shot Misses the Net.
14:30 of 1st period - Slapshot by Dustin Kohn.
14:30 of 1st period - Stopped by Dany Sabourin with a rebound.
15:06 of 1st period - Rico Fata is hit by Danny Irmen and loses puck.
16:26 of 1st period - Wrist shot by Kyle Greentree.
16:26 of 1st period - Shot Misses the Net.
16:41 of 1st period - Icing by Jimmy Hayes.
16:42 of 1st period - Chris Mueller wins face-off versus Joe Colborne in Knights zone.
17:09 of 1st period - Slapshot by Nikita Nikitin.
17:09 of 1st period - Deflect By Chris Thorburn.
17:09 of 1st period - Stopped by Tyler Plante with a rebound.
17:11 of 1st period - Wrist shot by Jani Rita.
17:11 of 1st period - Goal by Jani Rita - National : 0 - Knights : 2.
17:12 of 1st period - Matt Duchene wins face-off versus Zack Hamill in neutral zone.
17:24 of 1st period - Icing by Zack Hamill.
17:25 of 1st period - Zack Hamill wins face-off versus Matt Duchene in Knights zone.
17:36 of 1st period - Slapshot by Chris Thorburn.
17:36 of 1st period - Shot Blocked by Igor Makarov.
17:48 of 1st period - Slapshot by Chris Thorburn.
17:48 of 1st period - Stopped by Tyler Plante without a rebound.
17:49 of 1st period - Pat Dwyer wins face-off versus Danny Irmen in National zone.
17:54 of 1st period - Eric Gelinas is hit by Denis Bodrov and loses puck.
18:47 of 1st period - Wrist shot by Matt Duchene.
18:47 of 1st period - Stopped by Dany Sabourin with a rebound.
18:59 of 1st period - Wrist shot by Joe Colborne.
18:59 of 1st period - Stopped by Tyler Plante with a rebound.
19:01 of 1st period - Wrist shot by Colton Gillies.
19:01 of 1st period - Stopped by Tyler Plante without a rebound.
19:02 of 1st period - Chris Mueller wins face-off versus Joe Colborne in National zone.
19:19 of 1st period - Nikita Nikitin is hit by Pasi Salonen and loses puck.
19:34 of 1st period - Wrist shot by Igor Makarov.
19:34 of 1st period - Stopped by Dany Sabourin with a rebound.
19:36 of 1st period - Slapshot by William Colbert.
19:36 of 1st period - Stopped by Dany Sabourin with a rebound.
19:38 of 1st period - Backhand shot by Matt Duchene.
19:38 of 1st period - Goal by Matt Duchene - National : 1 - Knights : 2.
19:39 of 1st period - Zack Hamill wins face-off versus Matt Duchene in neutral zone.
Goals for this period are 1 for National vs 2 for Knights.
Shots for this period are 14 for National vs 18 for Knights.
2nd period
0:01 of 2nd period - Matt Duchene wins face-off versus Zack Hamill in neutral zone.
0:14 of 2nd period - Wrist shot by Igor Makarov.
0:14 of 2nd period - Stopped by Dany Sabourin without a rebound.
0:15 of 2nd period - Jonathan Matsumoto wins face-off versus Danny Irmen in Knights zone.
1:08 of 2nd period - Snap shot by Michael Raffl.
1:08 of 2nd period - Stopped by Tyler Plante without a rebound.
1:09 of 2nd period - Chris Mueller wins face-off versus Danny Irmen in National zone.
1:36 of 2nd period - Chris Thorburn is hit by Denis Bodrov and loses puck.
1:59 of 2nd period - Wrist shot by Pat Dwyer.
1:59 of 2nd period - Stopped by Dany Sabourin without a rebound.
2:00 of 2nd period - Jonathan Matsumoto wins face-off versus Danny Irmen in Knights zone.
2:14 of 2nd period - Wrist shot by Johannes Salmonsson.
2:14 of 2nd period - Shot Blocked by Scott Lehman.
2:16 of 2nd period - Wrist shot by William Colbert.
2:16 of 2nd period - Stopped by Dany Sabourin with a rebound.
2:18 of 2nd period - Snap shot by Johannes Salmonsson.
2:18 of 2nd period - Goal by Johannes Salmonsson - National : 2 - Knights : 2.
2:19 of 2nd period - Zack Hamill wins face-off versus Matt Duchene in neutral zone.
2:44 of 2nd period - Danny Irmen is hit by Pasi Salonen and loses puck.
3:03 of 2nd period - Slapshot by Dustin Kohn.
3:03 of 2nd period - Deflect By Nikita Nikitin.
3:03 of 2nd period - Stopped by Dany Sabourin with a rebound.
4:04 of 2nd period - Slapshot by Kyle Greentree.
4:04 of 2nd period - Deflect By Danny Irmen.
4:04 of 2nd period - Goal by Danny Irmen - National : 2 - Knights : 3.
4:05 of 2nd period - Matt Duchene wins face-off versus Zack Hamill in neutral zone.
4:14 of 2nd period - Snap shot by Rico Fata.
4:14 of 2nd period - Shot Blocked by Patrick Wiercioch.
4:16 of 2nd period - Snap shot by Igor Makarov.
4:16 of 2nd period - Deflect By Matt Duchene.
4:16 of 2nd period - Shot Blocked by Zack Hamill.
4:16 of 2nd period - Puck is out of play.
4:17 of 2nd period - Zack Hamill wins face-off versus Matt Duchene in Knights zone.
4:44 of 2nd period - Ivan Vishnevski is hit by Jimmy Hayes and loses puck.
4:51 of 2nd period - Snap shot by Kyle Greentree.
4:51 of 2nd period - Stopped by Tyler Plante without a rebound.
4:52 of 2nd period - Jonathan Matsumoto wins face-off versus James Wright in National zone.
4:52 of 2nd period - Jonathan Matsumoto is hit by Aaron Palushaj.
5:08 of 2nd period - Wrist shot by James Wright.
5:08 of 2nd period - Stopped by Tyler Plante with a rebound.
5:18 of 2nd period - Michael Stone is hit by Matt Duchene.
5:46 of 2nd period - Wrist shot by Jimmy Hayes.
5:46 of 2nd period - Stopped by Tyler Plante without a rebound.
5:47 of 2nd period - Matt Duchene wins face-off versus Michael Raffl in National zone.
5:56 of 2nd period - Snap shot by Matt Duchene.
5:56 of 2nd period - Stopped by Dany Sabourin without a rebound.
5:57 of 2nd period - Michael Raffl wins face-off versus Matt Duchene in Knights zone.
6:10 of 2nd period - Slapshot by Nikita Nikitin.
6:10 of 2nd period - Deflect By Matt Duchene.
6:10 of 2nd period - Stopped by Tyler Plante with a rebound.
6:12 of 2nd period - Snap shot by James Wright.
6:12 of 2nd period - Shot Misses the Net.
6:14 of 2nd period - Slapshot by Nikita Nikitin.
6:14 of 2nd period - Shot Misses the Net.
6:16 of 2nd period - Snap shot by Nikita Nikitin.
6:16 of 2nd period - Shot Blocked by Jeffrey Foss.
6:18 of 2nd period - Wrist shot by Scott Lehman.
6:18 of 2nd period - Shot Blocked by Rico Fata.
6:20 of 2nd period - Slapshot by Nikita Nikitin.
6:20 of 2nd period - Deflect By Michael Raffl.
6:20 of 2nd period - Stopped by Tyler Plante without a rebound.
6:21 of 2nd period - Zack Hamill wins face-off versus Chris Mueller in National zone.
6:24 of 2nd period - Wrist shot by Jani Rita.
6:24 of 2nd period - Stopped by Tyler Plante with a rebound.
6:42 of 2nd period - Minor Penalty to William Colbert for Goalie Interference.
6:43 of 2nd period - Matt Duchene wins face-off versus Zack Hamill in National zone.
7:26 of 2nd period - Minor Penalty to Chris Thorburn for Tripping.
7:27 of 2nd period - Michael Raffl wins face-off versus Matt Duchene in Knights zone.
8:11 of 2nd period - Scott Lehman is hit by Sergei Andronov and loses puck.
8:42 of 2nd period - Penalty to William Colbert is over, William Colbert is back on ice.
9:26 of 2nd period - Penalty to Chris Thorburn is over, Chris Thorburn is back on ice.
9:43 of 2nd period - Snap shot by Scott Lehman.
9:43 of 2nd period - Stopped by Tyler Plante with a rebound.
9:45 of 2nd period - Slapshot by Nikita Nikitin.
9:45 of 2nd period - Shot Blocked by Erik Gustafsson.
9:47 of 2nd period - Snap shot by Scott Lehman.
9:47 of 2nd period - Deflect By Jani Rita.
9:47 of 2nd period - Shot Misses the Net.
9:47 of 2nd period - Puck is out of play.
9:48 of 2nd period - Chris Mueller wins face-off versus Joe Colborne in National zone.
10:59 of 2nd period - Chris Thorburn is hit by Alexander Fallstrom and loses puck.
12:00 of 2nd period - Minor Penalty to Jeffrey Foss for Tripping.
12:01 of 2nd period - Jani Rita wins face-off versus Matt Duchene in National zone.
12:17 of 2nd period - Snap shot by Jani Rita.
12:17 of 2nd period - Stopped by Tyler Plante with a rebound.
13:02 of 2nd period - Icing by Zack Hamill.
13:03 of 2nd period - Matt Duchene wins face-off versus Zack Hamill in Knights zone.
13:56 of 2nd period - Tomas Kundratek is hit by Dustin Kohn and loses puck.
14:00 of 2nd period - Penalty to Jeffrey Foss is over, Jeffrey Foss is back on ice.
14:19 of 2nd period - Slapshot by Colton Gillies.
14:19 of 2nd period - Shot Misses the Net.
14:21 of 2nd period - Snap shot by Michael Stone.
14:21 of 2nd period - Stopped by Tyler Plante with a rebound.
15:36 of 2nd period - Jonathan Matsumoto is hit by James Wright.
16:29 of 2nd period - Wrist shot by Colton Gillies.
16:29 of 2nd period - Goal by Colton Gillies - National : 2 - Knights : 4.
16:30 of 2nd period - Rico Fata wins face-off versus Zack Hamill in neutral zone.
16:35 of 2nd period - Matt Duchene is hit by Zack Hamill.
16:52 of 2nd period - Icing by Denis Bodrov.
16:53 of 2nd period - Chris Mueller wins face-off versus Danny Irmen in National zone.
17:05 of 2nd period - Jeffrey Foss is hit by Eric Gelinas and loses puck.
17:08 of 2nd period - Wrist shot by Chris Mueller.
17:08 of 2nd period - Shot Misses the Net.
17:26 of 2nd period - Snap shot by Rico Fata.
17:26 of 2nd period - Shot Blocked by Tomas Kundratek.
17:58 of 2nd period - Snap shot by David Desharnais.
17:58 of 2nd period - Shot Blocked by Eric Gelinas.
18:00 of 2nd period - Slapshot by William Colbert.
18:00 of 2nd period - Stopped by Dany Sabourin with a rebound.
18:02 of 2nd period - Snap shot by David Desharnais.
18:02 of 2nd period - Shot Misses the Net.
18:04 of 2nd period - Slapshot by Dustin Kohn.
18:04 of 2nd period - Stopped by Dany Sabourin with a rebound.
18:06 of 2nd period - Slapshot by David Desharnais.
18:06 of 2nd period - Stopped by Dany Sabourin without a rebound.
18:07 of 2nd period - Zack Hamill wins face-off versus Matt Duchene in Knights zone.
18:07 of 2nd period - Zack Hamill is hit by Ivan Vishnevski.
19:03 of 2nd period - Slapshot by Scott Lehman.
19:03 of 2nd period - Stopped by Tyler Plante with a rebound.
19:05 of 2nd period - Snap shot by Joe Colborne.
19:05 of 2nd period - Stopped by Tyler Plante without a rebound.
19:06 of 2nd period - Zack Hamill wins face-off versus Matt Duchene in National zone.
19:09 of 2nd period - Wrist shot by Jani Rita.
19:09 of 2nd period - Deflect By Chris Thorburn.
19:09 of 2nd period - Shot Misses the Net.
19:09 of 2nd period - Puck is out of play.
19:10 of 2nd period - Matt Duchene wins face-off versus Zack Hamill in National zone.
19:10 of 2nd period - Matt Duchene is hit by Zack Hamill.
Goals for this period are 1 for National vs 2 for Knights.
Shots for this period are 9 for National vs 14 for Knights.
3rd period
0:01 of 3rd period - Matt Duchene wins face-off versus Zack Hamill in neutral zone.
0:27 of 3rd period - Minor Penalty to Kyle Greentree for Hooking.
0:28 of 3rd period - Matt Duchene wins face-off versus Chris Thorburn in Knights zone.
0:29 of 3rd period - Wrist shot by Rico Fata.
0:29 of 3rd period - Goal by Rico Fata - National : 3 - Knights : 4.
0:30 of 3rd period - Zack Hamill wins face-off versus Matt Duchene in neutral zone.
0:36 of 3rd period - Slapshot by Jani Rita.
0:36 of 3rd period - Shot Misses the Net.
0:38 of 3rd period - Slapshot by Nikita Nikitin.
0:38 of 3rd period - Shot Blocked by William Colbert.
0:40 of 3rd period - Snap shot by Zack Hamill.
0:40 of 3rd period - Shot Misses the Net.
0:42 of 3rd period - Snap shot by Jani Rita.
0:42 of 3rd period - Goal by Jani Rita - National : 3 - Knights : 5.
0:43 of 3rd period - Igor Makarov wins face-off versus Zack Hamill in neutral zone.
0:59 of 3rd period - Minor Penalty to Chris Thorburn for Holding.
1:00 of 3rd period - Matt Duchene wins face-off versus Joe Colborne in Knights zone.
2:59 of 3rd period - Penalty to Chris Thorburn is over, Chris Thorburn is back on ice.
4:25 of 3rd period - Minor Penalty to Igor Makarov for Interference.
4:26 of 3rd period - Matt Duchene wins face-off versus Zack Hamill in National zone.
4:36 of 3rd period - Wrist shot by Scott Lehman.
4:36 of 3rd period - Goal by Scott Lehman - National : 3 - Knights : 6.
4:37 of 3rd period - Matt Duchene wins face-off versus Zack Hamill in neutral zone.
5:23 of 3rd period - Snap shot by Jonathan Matsumoto.
5:23 of 3rd period - Shot Blocked by Michael Raffl.
5:25 of 3rd period - Wrist shot by Jonathan Matsumoto.
5:25 of 3rd period - Shot Blocked by Aaron Palushaj.
5:27 of 3rd period - Slapshot by Dustin Kohn.
5:27 of 3rd period - Deflect By Pat Dwyer.
5:27 of 3rd period - Goal by Pat Dwyer - National : 4 - Knights : 6.
5:28 of 3rd period - Matt Duchene wins face-off versus Zack Hamill in neutral zone.
5:53 of 3rd period - Pasi Salonen is hit by Jimmy Hayes and loses puck.
6:22 of 3rd period - Michael Raffl is hit by Johannes Salmonsson and loses puck.
7:13 of 3rd period - Alexander Fallstrom is hit by Michael Stone and loses puck.
7:22 of 3rd period - Slapshot by Erik Gustafsson.
7:22 of 3rd period - Stopped by Dany Sabourin with a rebound.
7:52 of 3rd period - Off-side.
7:53 of 3rd period - James Wright wins face-off versus Matt Duchene in neutral zone.
8:19 of 3rd period - Rico Fata is hit by Scott Lehman and loses puck.
9:01 of 3rd period - Eric Gelinas is hit by Ivan Vishnevski and loses puck.
9:10 of 3rd period - Slapshot by Tomas Kundratek.
9:10 of 3rd period - Shot Blocked by Erik Gustafsson.
9:56 of 3rd period - Jonathan Matsumoto is hit by Zack Hamill and loses puck.
10:39 of 3rd period - Snap shot by Kyle Greentree.
10:39 of 3rd period - Shot Misses the Net.
11:07 of 3rd period - Rico Fata is hit by James Wright and loses puck.
11:40 of 3rd period - Snap shot by Joe Colborne.
11:40 of 3rd period - Deflect By Colton Gillies.
11:40 of 3rd period - Shot Misses the Net.
11:40 of 3rd period - Puck is out of play.
11:41 of 3rd period - Joe Colborne wins face-off versus Jonathan Matsumoto in National zone.
11:57 of 3rd period - Off-side.
11:58 of 3rd period - Zack Hamill wins face-off versus Matt Duchene in neutral zone.
12:20 of 3rd period - Icing by Denis Bodrov.
12:21 of 3rd period - Matt Duchene wins face-off versus Danny Irmen in National zone.
12:36 of 3rd period - Kyle Greentree is hit by Pasi Salonen and loses puck.
12:51 of 3rd period - Snap shot by Chris Thorburn.
12:51 of 3rd period - Shot Misses the Net.
13:07 of 3rd period - Nikita Nikitin is hit by Igor Makarov and loses puck.
13:16 of 3rd period - Wrist shot by Matt Duchene.
13:16 of 3rd period - Stopped by Dany Sabourin without a rebound.
13:17 of 3rd period - Chris Mueller wins face-off versus Zack Hamill in Knights zone.
13:26 of 3rd period - Snap shot by Jani Rita.
13:26 of 3rd period - Shot Misses the Net.
13:28 of 3rd period - Slapshot by Nikita Nikitin.
13:28 of 3rd period - Shot Misses the Net.
13:30 of 3rd period - Slapshot by Nikita Nikitin.
13:30 of 3rd period - Deflect By Jani Rita.
13:30 of 3rd period - Shot Misses the Net.
13:30 of 3rd period - Puck is out of play.
13:31 of 3rd period - Matt Duchene wins face-off versus Zack Hamill in National zone.
13:57 of 3rd period - Minor Penalty to Jimmy Hayes for Slashing.
13:58 of 3rd period - Matt Duchene wins face-off versus Chris Thorburn in Knights zone.
14:01 of 3rd period - Wrist shot by Matt Duchene.
14:01 of 3rd period - Stopped by Dany Sabourin with a rebound.
14:03 of 3rd period - Slapshot by Dustin Kohn.
14:03 of 3rd period - Shot Blocked by Jani Rita.
14:05 of 3rd period - Wrist shot by Matt Duchene.
14:05 of 3rd period - Goal by Matt Duchene - National : 5 - Knights : 6.
14:06 of 3rd period - Matt Duchene wins face-off versus Zack Hamill in neutral zone.
14:17 of 3rd period - Wrist shot by Jani Rita.
14:17 of 3rd period - Shot Misses the Net.
14:19 of 3rd period - Wrist shot by Nikita Nikitin.
14:19 of 3rd period - Deflect By Chris Thorburn.
14:19 of 3rd period - Shot Misses the Net.
14:19 of 3rd period - Puck is out of play.
14:20 of 3rd period - Chris Mueller wins face-off versus Danny Irmen in National zone.
14:45 of 3rd period - Chris Thorburn is hit by Matt Duchene.
15:12 of 3rd period - Off-side.
15:13 of 3rd period - James Wright wins face-off versus Jonathan Matsumoto in neutral zone.
15:16 of 3rd period - Dustin Kohn is hit by James Wright and loses puck.
15:45 of 3rd period - Wrist shot by James Wright.
15:45 of 3rd period - Shot Blocked by William Colbert.
15:55 of 3rd period - Snap shot by Johannes Salmonsson.
15:55 of 3rd period - Stopped by Dany Sabourin without a rebound.
15:56 of 3rd period - Matt Duchene wins face-off versus Zack Hamill in Knights zone.
15:57 of 3rd period - Snap shot by Rico Fata.
15:57 of 3rd period - Stopped by Dany Sabourin without a rebound.
15:58 of 3rd period - Matt Duchene wins face-off versus Zack Hamill in Knights zone.
16:44 of 3rd period - Snap shot by Jimmy Hayes.
16:44 of 3rd period - Shot Blocked by Dustin Kohn.
16:46 of 3rd period - Snap shot by James Wright.
16:46 of 3rd period - Shot Blocked by Dustin Kohn.
16:48 of 3rd period - Snap shot by Nikita Nikitin.
16:48 of 3rd period - Shot Misses the Net.
16:50 of 3rd period - Wrist shot by Michael Raffl.
16:50 of 3rd period - Shot Misses the Net.
18:01 of 3rd period - Patrick Wiercioch is hit by Chris Mueller.
18:07 of 3rd period - Snap shot by Pasi Salonen.
18:07 of 3rd period - Stopped by Dany Sabourin with a rebound.
18:09 of 3rd period - Slapshot by Sergei Andronov.
18:09 of 3rd period - Shot Blocked by Chris Thorburn.
18:11 of 3rd period - Wrist shot by Pasi Salonen.
18:11 of 3rd period - Shot Misses the Net.
18:43 of 3rd period - Aaron Palushaj is hit by Rico Fata and loses puck.
19:25 of 3rd period - Minor Penalty to Erik Gustafsson for Interference.
19:26 of 3rd period - Zack Hamill wins face-off versus Matt Duchene in National zone.
19:27 of 3rd period - Snap shot by Jani Rita.
19:27 of 3rd period - Deflect By Zack Hamill.
19:27 of 3rd period - Stopped by Tyler Plante without a rebound.
19:28 of 3rd period - Glen Gulutzan call a timeout for National.
19:28 of 3rd period - Zack Hamill wins face-off versus Matt Duchene in National zone.
19:41 of 3rd period - Slapshot by Matt Duchene.
19:41 of 3rd period - Shot Misses the Net.
19:43 of 3rd period - Slapshot by Dustin Kohn.
19:43 of 3rd period - Deflect By Nikita Nikitin.
19:43 of 3rd period - Stopped by Dany Sabourin with a rebound.
Goals for this period are 3 for National vs 2 for Knights.
Shots for this period are 10 for National vs 3 for Knights.
Output by the SimonT Hockey Simulator (STHS) for François Prévost -- Original Page W3C XHTML 1.0 Valid